 Dungeon Crawl Stone Soup version 0.27.1-4-g1640c2035a (webtiles) character file.

Game seed: 13294534955201864512

1858 raph the Basher (level 8, -6/80 HPs)
             Began as a Troll Berserker on Nov 7, 2021.
             Was a Priest of Trog.
             Mangled by a gnoll sergeant (9 damage)
             ... on level 7 of the Dungeon.
             The game lasted 00:09:07 (5718 turns).

raph the Basher (Troll Berserker)                   Turns: 5718, Time: 00:09:07

Health: -6/80      AC:  5    Str: 32    XL:     8   Next: 89%
Magic:  7/7        EV:  6    Int:  3    God:    Trog [***...]
Gold:   70         SH:  0    Dex: 11    Spells: 7/7 levels left

rFire    . . .     SeeInvis .   a - +1 mace
rCold    . . .     Faith    .   (no shield)
rNeg     . . .     Spirit   .   b - +0 animal skin
rPois    .         Reflect  .   (helmet restricted)
rElec    .         Harm     .   k - +0 cloak
rCorr    .         Rampage  .   (gloves unavailable)
Will     .....                  (boots unavailable)
Stlth    +.........             (no amulet)
HPRegen  1.23/turn              d - +6 ring of strength
MPRegen  0.10/turn              (no ring)

@: about to teleport, on berserk cooldown, held, slowed, very slow
A: large, unfitting armour, claws 3, regeneration 1, shaggy fur 1, tough skin 1
a: Renounce Religion, Berserk, Trog's Hand


You were on level 7 of the Dungeon.
You worshipped Trog.
Trog was most pleased with you.
You visited 1 branch of the dungeon, and saw 7 of its levels.
You also visited: Sewer.

You collected 168 gold pieces.
You spent 98 gold pieces at shops.

Inventory:

Hand Weapons
 a - a +1 mace (weapon)
Missiles
 f - 9 javelins (quivered)
 p - 2 curare-tipped darts
 u - 3 boomerangs
Armour
 b - a +0 animal skin (worn)
 k - a +0 cloak (worn)
Jewellery
 d - a +6 ring of strength (left claw)
Wands
 h - a wand of paralysis (6)
 i - a wand of iceblast (9)
Scrolls
 e - 3 scrolls of teleportation
 s - a scroll of identify
Potions
 c - a potion of flight {unknown}
 g - 2 potions of attraction
 j - 2 potions of might
 l - 2 potions of curing
 m - a potion of invisibility
 n - 2 potions of resistance
 o - 3 potions of magic
 q - 2 potions of haste
 r - a potion of heal wounds {unknown}
 t - 2 potions of mutation {unknown}


   Skills:
 + Level 5.3 Fighting
 * Level 8.0 Maces & Flails
 + Level 5.4 Dodging


You had 7 spell levels left.
You didn't know any spells.
Your spell library was empty.

Dungeon Overview and Level Annotations

Branches:
Dungeon (7/15)              Sewer (visited)
 Temple: D:4-7

Altars:
Dithmenos
Elyvilon
Gozag
Hepliaklqana
Kikubaaqudgha
Makhleb
Nemelex Xobeh
Sif Muna
Wu Jian
The Shining One

Shops:
D:4 ![(:(


Innate Abilities, Weirdness & Mutations

You are too large for most types of armour.
You have claws for hands.
Your natural rate of healing is unusually fast.
You are covered in fur. (AC +1)
You have tough skin. (AC +1)


Message History

You tear a large gash into the net.
The gnoll sergeant hits you with a +0 spear.
You struggle against the net.
You feel your anger nearly subside.
The gnoll hits you from afar with a +0 halberd.
The gnoll sergeant hits you with a +0 spear.
You shred the net and break free!
You are no longer berserk.
You are exhausted.
You feel yourself slow down. The gnoll barely misses you. x2
The gnoll hits you from afar with a +0 halberd.
The gnoll sergeant blocks your attack. The gnoll sergeant closely misses you.
The gnoll closely misses you. The gnoll barely misses you.
The gnoll hits you from afar with a +0 halberd!
The gnoll sergeant hits you with a +0 spear!
The gnoll hits you with a +0 whip.
The gnoll throws a throwing net.
The throwing net hits you.
You become entangled in the net!
You stop ascending the stairs.
The gnoll barely misses you.
The gnoll sergeant hits you with a +0 spear.
The gnoll closely misses you. The gnoll hits you but does no damage.
The gnoll hits you from afar with a +0 halberd!
The gnoll hits you with a +0 whip.
You struggle against the net.
The gnoll sergeant hits you with a +0 spear.
The gnoll hits you with a +0 whip.
* * * LOW HITPOINT WARNING * * *
The gnoll barely misses you. The gnoll hits you but does no damage.
The gnoll hits you with a +0 whip.
* * * LOW HITPOINT WARNING * * *
The gnoll sergeant hits you with a +0 spear.
* * * LOW HITPOINT WARNING * * *
Unknown command.
As you read the scroll of teleportation, it crumbles to dust.
You feel strangely unstable. The gnoll barely misses you.
The gnoll hits you from afar with a +0 spear!
* * * LOW HITPOINT WARNING * * *
The gnoll completely misses you. The gnoll hits you with a +0 whip.
* * * LOW HITPOINT WARNING * * *
The gnoll sergeant hits you with a +0 spear!
You die...

##########
#....#...##
#.........#
#.........#
#........##
#...##gg.##
#.g.##.g..#
#g..##g@g##
#...######
#.g..# #....#
#)#### #)#
.........g.....
...............
##..##..##.....


You could see a gnoll sergeant and 4 gnolls.

Vanquished Creatures
  Joseph (D:7)
  Prince Ribbit (D:5)
  A water moccasin (D:7)
  An ice beast (D:5)
  2 centaurs
  4 kobold brigands (Sewer)
  4 scorpions
  A howler monkey (D:6)
  A bullfrog zombie (D:5)
  3 hounds
  A centaur skeleton (D:6)
  An orc priest (D:7)
  3 iguanas
  A gnoll (D:7)
  7 adders
  A howler monkey skeleton (D:6)
  A shadow imp (D:5)
  An ufetubus (D:5)
  2 dart slugs
  7 orcs
  4 endoplasms
  5 giant cockroaches
  13 goblins
  11 hobgoblins
  5 jackals (D:4)
  13 kobolds
  3 quokkas (D:3)
  9 ball pythons
  5 bats
  4 frilled lizards
  6 rats
122 creatures vanquished.

Vanquished Creatures (others)
  A plant (Sewer)
1 creature vanquished.

Grand Total: 123 creatures vanquished

Notes
Turn   | Place    | Note
-------+----------+-------------------------------------------
     0 | D:1      | raph the Troll Berserker began the quest for the Orb.
     0 | D:1      | Reached XP level 1. HP: 22/22 MP: 0/0
   362 | D:1      | Reached skill level 3 in Maces & Flails
   406 | D:1      | Reached XP level 2. HP: 29/29 MP: 1/1
   996 | D:2      | Found a burning altar of Makhleb.
  1043 | D:2      | Reached ** piety under Trog
  1044 | D:2      | Reached XP level 3. HP: 36/36 MP: 2/2
  1257 | D:2      | Found a faded altar of an unknown god.
  1666 | D:3      | Found an ornate altar of the Wu Jian Council.
  1679 | D:3      | Found a white marble altar of Elyvilon.
  1698 | D:3      | Reached XP level 4. HP: 44/44 MP: 3/3
  1857 | D:4      | Found Mobubor's Weapon Emporium.
  1877 | D:4      | Found Pyho's Book Shoppe.
  2376 | D:4      | Found Fyrar's Armour Shoppe.
  2423 | D:4      | Found Sayj's Weapon Emporium.
  2576 | D:4      | Found a hazy altar of Hepliaklqana.
  2577 | D:4      | Found a glowing golden altar of the Shining One.
  2581 | D:4      | Found an opulent altar of Gozag.
  2581 | D:4      | Found a sparkling altar of Nemelex Xobeh.
  2582 | D:4      | Found a burning altar of Makhleb.
  2595 | D:4      | Reached skill level 4 in Maces & Flails
  2637 | D:4      | Found Deycyxi's Distillery.
  2647 | D:4      | Bought a potion of might for 56 gold pieces
  2647 | D:4      | Bought a potion of curing for 42 gold pieces
  2904 | D:5      | Entered Level 5 of the Dungeon
  2915 | D:5      | Noticed an ice beast
  2922 | D:5      | Killed an ice beast
  2923 | D:5      | Reached XP level 5. HP: 47/53 MP: 4/4
  2998 | D:5      | Found a shimmering blue altar of Sif Muna.
  3036 | D:5      | Reached XP level 6. HP: 25/61 MP: 5/5
  3085 | D:5      | Noticed Prince Ribbit
  3130 | D:5      | Killed Prince Ribbit
  3131 | D:5      | Reached skill level 5 in Maces & Flails
  3404 | D:5      | Reached XP level 7. HP: 68/68 MP: 6/6
  3463 | D:5      | Found a glowing drain.
  3476 | Sewer    | Entered a sewer
  3689 | Sewer    | Reached skill level 6 in Maces & Flails
  3696 | Sewer    | Reached *** piety under Trog
  4112 | D:5      | Found a shadowy altar of Dithmenos.
  4123 | D:5      | Found an ancient bone altar of Kikubaaqudgha.
  4423 | D:5      | Reached XP level 8. HP: 79/79 MP: 7/7
  4589 | D:6      | Identified the +6 scale mail of Snakes and Ladders {rCorr
                  | Dex+4 SInv}
  4675 | D:6      | Reached skill level 7 in Maces & Flails
  5636 | D:7      | Noticed Joseph
  5644 | D:7      | Reached skill level 5 in Fighting
  5644 | D:7      | Reached skill level 5 in Dodging
  5648 | D:7      | Killed Joseph
  5649 | D:7      | Reached skill level 8 in Maces & Flails
  5718 | D:7      | HP: 3/80 [gnoll (6)]
  5718 | D:7      | Mangled by a gnoll sergeant

Illustrated notes

Levels and vault maps discovered:
D:1:      dpeg_arrival_pits, layout_loops_corners
D:2:      layout_rooms, basic_altar, ebering_ecumenical_altar_petrified
D:3:      layout_basic, mainiacjoe_overflow_large_starburst
D:4:      cheibrodos_greedy_goblins, layout_basic, grunt_temple_overflow_open,
          serial_shops, shop, shop, nicolae_shop_window_shopping,
          nicolae_square_shop, shop
D:5:      layout_basic, lemuel_round_altar, amethyst_overflow_temple_binary,
          portal_sewer_entry_d, uniq_prince_ribbit1
D:6:      layout_cave_pods
D:7:      layout_gridville, minmay_temple_entry_junction_2, uniq_harold,
          uniq_duvessa, uniq_maggie, uniq_joseph

Skill      XL: |  1  2  3  4  5  6  7  8 |
---------------+-------------------------+-----
Maces & Flails | 3 4 5 6 8 |  8.0
Dodging        | 3 4 5 |  5.4
Fighting       | 3 4 5 |  5.3

Action                   |  1- 3 |  4- 6 |  7- 9 || total
-------------------------+-------+-------+-------++-------
Melee: Mace              |   109 |   112 |   240 ||   461
Invok: Berserk           |       |     5 |     5 ||    10
       Trog's Hand       |       |       |     2 ||     2
  Use: Scroll            |       |     5 |     8 ||    13
Armor: Animal skin       |    42 |    31 |    98 ||   171
Dodge: Dodged            |    58 |    73 |   196 ||   327
